 Dungeon Crawl Stone Soup version 0.22.1-1-ga44c0e5 (webtiles) character file.

6155 Tarasboulda the Destroyer (level 10, -9/51 HPs)
             Began as a Deep Elf Conjurer on Sept 20, 2018.
             Was an Elder of Vehumet.
             Mangled by a hornet (14 damage)
             ... on level 10 of the Dungeon.
             The game lasted 00:43:32 (11350 turns).

Tarasboulda the Destroyer (Deep Elf Conjurer)      Turns: 11350, Time: 00:43:34

Health: -9/51      AC:  8    Str:  5    XL:     10   Next: 59%
Magic:  7/25       EV: 15    Int: 24    God:    Vehumet [****..]
Gold:   600        SH:  0    Dex: 15    Spells: 9/28 levels left

rFire    + . .     SeeInvis +   (no weapon)
rCold    . . .     Gourm    .   (no shield)
rNeg     . . .     Faith    +   x - +3 robe of Clouds {+Fly rElec}
rPois    +         Spirit   .   (no helmet)
rElec    +         Reflect  .   t - +2 cloak {rPois}
rCorr    .         Harm     .   (no gloves)
MR       +....                  (no boots)
Stlth    +++.......             n - amulet of faith
HPRegen  0.17/turn              g - ring of see invisible
MPRegen  0.19/turn              y - ring of protection from fire

@: lethally poisoned (-9 -> -14), slowed, very slow
A: no striking features
a: Renounce Religion, Evoke Flight


You were on level 10 of the Dungeon.
You worshipped Vehumet.
Vehumet was greatly pleased with you.
You were hungry.

You visited 2 branches of the dungeon, and saw 11 of its levels.

You collected 600 gold pieces.

Inventory:

Missiles
 p - 2 throwing nets (quivered)
Armour
 a - a +0 robe
 t - a +2 cloak of poison resistance (worn)
 v - the +1 robe "Veotiu" {*Contam rElec Str-2 SInv}
   (You found it on level 4 of the Dungeon)

   It affects your strength (-2).
   It insulates you from electricity.
   It lets you see invisible.
   It causes magical contamination when unequipped.
 x - the +3 robe of Clouds (worn) {+Fly rElec}
   (You found it on level 5 of the Dungeon)

   It insulates you from electricity.
   It lets you fly.
Jewellery
 g - a ring of see invisible (left hand)
 i - an uncursed ring of attention
 k - a +5 ring of slaying
 n - an amulet of faith (around neck)
 y - a ring of protection from fire (right hand)
 A - an uncursed ring of resist corrosion
 L - an uncursed ring of resist corrosion
Wands
 d - a wand of flame (31)
 C - a wand of acid (8)
 G - a wand of random effects (17)
 O - a wand of disintegration (11)
Scrolls
 e - a scroll of noise
 h - 4 scrolls of remove curse
 j - 3 scrolls of magic mapping
 l - 4 scrolls of teleportation
 r - a scroll of amnesia
 s - a scroll of enchant weapon
 u - a scroll of immolation
 H - 3 scrolls of identify
 I - a scroll of fear {unknown}
 J - a scroll of holy word {unknown}
 K - a scroll of summoning {unknown}
 M - 2 scrolls of enchant armour {unknown}
 N - a scroll of fog
Potions
 b - 5 potions of agility
 f - 8 potions of curing
 m - 3 potions of haste
 o - 3 potions of brilliance
 q - 2 potions of resistance
 w - a potion of magic
 z - a potion of degeneration
 B - a potion of lignification
 D - a potion of berserk rage
 E - 2 potions of heal wounds
 F - a potion of mutation
Comestibles
 c - 16 rations


   Skills:
 - Level 0.4 Fighting
 + Level 4.7 Dodging
 + Level 5.0 Stealth
 + Level 9.9 Spellcasting
 * Level 14.6 Conjurations


You had 9 spell levels left.
You knew the following spells:

 Your Spells              Type           Power        Failure   Level  Hunger
a - Magic Dart            Conj           ####         0%          1    None
b - Searing Ray           Conj           ######       0%          2    None
c - Force Lance           Conj/Tloc      #####...     1%          4    #......
d - Fulminant Prism       Conj/Hex       #####.....   1%          4    #......
e - Mephitic Cloud        Conj/Pois/Air  #####...     1%          3    None
f - Lightning Bolt        Conj/Air       #####.....   2%          5    ####...

Your spell library contained the following spells:

 Spells                   Type           Power        Failure   Level  Hunger
 Sting                    Conj/Pois      ####         1%          1    None
 Dazzling Spray           Conj/Hex       #####.       1%          3    None
 Iskenderun's Mystic Bla  Conj           ######..     1%          4    #......
 Venom Bolt               Conj/Pois      #####.....   2%          5    ####...
 Poisonous Vapours        Pois/Air       ##....       9%          2    None
 Olgreb's Toxic Radiance  Pois           ##......     14%         4    #......


Dungeon Overview and Level Annotations

Branches:
Dungeon (10/15)            Temple (1/1) D:6
   Lair: D:8-11         Orc: D:9-12

Altars:
Ashenzari
Dithmenos
Elyvilon
Gozag
Hepliaklqana
Okawaru
Qazlal
Sif Muna
Trog
Vehumet
Wu Jian
Xom
Zin
The Shining One

Shops:
D:6 *

Annotations:
D:10 Grum


Message History

Press: ? - help, Shift-Dir - straight line, f/p - hornet
Aim: a hornet (severely wounded)
The lance of force hits the hornet.
The hornet is almost dead.
The hornet is knocked back by the lance of force.
You feel sick.
An orc priest comes into view. It is wielding a short sword.
The orc warrior barely misses you.
Casting: Force Lance (safe; 1% risk of failure)
Confirm with . or Enter, or press ? or * to list all spells.
Aiming: Force Lance (safe; 1% risk of failure)
Press: ? - help, Shift-Dir - straight line, f/p - hornet
Aim: a hornet (almost dead)
The lance of force misses the hornet.
The orc priest shouts!
You feel sick.
The orc warrior hits you with a dire flail!!
* * * LOW HITPOINT WARNING * * *
The hornet stings you!
You die...

###### ### ....# #######.# ....#
#.......## ...## . #.###)>.(###
....#.. ### #..§...#.(.###
#......
#..######....§####...###.oZ#..
#.....#>..#§.@y.........<.....
#.# #...##...o#.....>.........
#.# ##..##.#.##....##.........
#.###.......)..............).#
#.#.[..).....##..............#
###.)).))).#...#.....#..##..#...
#.(()#)[.....o....#####. ##...h.
##[####............. ## .....
#÷.#..............#


You could see a hornet, an orc warrior and an orc priest.

Vanquished Creatures
  A two-headed ogre (D:8)
  A troll (D:9)
  3 hippogriffs
  3 hungry ghosts
  A water moccasin (D:6)
  3 ice beasts
  An orc warrior (D:9)
  2 sky beasts
  2 necrophages
  2 phantoms
  3 ogres
  2 wolves (D:10)
  3 centaurs
  3 big kobolds
  3 bullfrogs
  3 scorpions
  6 killer bees (D:10)
  A howler monkey (D:4)
  9 wights
  3 crimson imps
  4 quasits
  8 orc priests
  Crazy Yiuf (D:6)
  A bullfrog zombie (D:5)
  5 hounds
  9 orc wizards
  A bullfrog skeleton (D:8)
  A centaur skeleton (D:10)
  Terence (D:2)
  Natasha (thrice) (D:2 D:4)
  An iguana (D:9)
  3 worker ants
  A hound zombie (D:10)
  A howler monkey skeleton (D:10)
  7 adders
  3 gnolls (D:5)
  A shadow imp (D:8)
  2 adder zombies
  2 worms
  2 dart slugs (D:2)
  5 leopard geckos
  41 orcs
  10 bats
  10 giant cockroaches
  6 goblins
  4 hobgoblins
  12 jackals
  20 kobolds
  5 quokkas
  A ball python (D:5)
  3 frilled lizards
  8 rats
237 creatures vanquished.

Vanquished Creatures (others)
  A wizard (D:4)
  2 kobolds
  17 fulminant prisms
20 creatures vanquished.

Grand Total: 257 creatures vanquished

Notes
Turn   | Place    | Note
-------+----------+-------------------------------------------
     0 | D:1      | Tarasboulda the Deep Elf Conjurer began the quest for the
                  | Orb.
     0 | D:1      | Reached XP level 1. HP: 10/10 MP: 6/6
   174 | D:1      | Reached XP level 2. HP: 15/15 MP: 4/8
   180 | D:1      | Learned a level 2 spell: Searing Ray
   190 | D:1      | Reached skill level 5 in Conjurations
   637 | D:2      | Reached XP level 3. HP: 13/19 MP: 2/9
  1276 | D:2      | Noticed Natasha
  1286 | D:2      | Reached skill level 6 in Conjurations
  1298 | D:2      | Killed Natasha
  1298 | D:2      | Reached XP level 4. HP: 10/24 MP: 0/10
  1425 | D:2      | Noticed Terence
  1547 | D:2      | Killed Terence
  1951 | D:3      | Reached skill level 7 in Conjurations
  1951 | D:3      | Reached XP level 5. HP: 28/28 MP: 6/11
  2118 | D:3      | Found a white marble altar of Elyvilon.
  2119 | D:3      | Found an ornate altar of the Wu Jian Council.
  2469 | D:3      | Found a shimmering altar of Xom.
  2471 | D:3      | Found a blossoming altar of Fedhas.
  2471 | D:3      | Found an ancient bone altar of Kikubaaqudgha.
  2473 | D:3      | Found a sacrificial altar of Ru.
  2473 | D:3      | Found a shattered altar of Ashenzari.
  2473 | D:3      | Found an opulent altar of Gozag.
  3125 | D:4      | Noticed Natasha
  3137 | D:4      | Killed Natasha
  3270 | D:4      | Reached XP level 6. HP: 23/33 MP: 3/12
  3455 | D:4      | Reached skill level 8 in Conjurations
  3481 | D:4      | Got a brightly glowing robe
  3492 | D:4      | Identified the +1 robe "Veotiu" {*Contam rElec Str-2 SInv}
                  | (You found it on level 4 of the Dungeon)
  3552 | D:4      | Noticed Natasha
  3556 | D:4      | Killed Natasha
  3762 | D:4      | Found a bloodstained altar of Trog.
  3763 | D:4      | Noticed a wizard
  3769 | D:4      | Killed a wizard
  4071 | D:5      | Entered Level 5 of the Dungeon
  4274 | D:5      | Reached skill level 9 in Conjurations
  4274 | D:5      | Reached XP level 7. HP: 35/37 MP: 3/13
  4651 | D:5      | Found the +3 robe of Clouds {+Fly rElec}
  5079 | D:5      | Reached skill level 10 in Conjurations
  5366 | D:6      | Found a hazy altar of Hepliaklqana.
  5514 | D:6      | Found Xuigaonn's General Store.
  5593 | D:6      | Found a staircase to the Ecumenical Temple.
  5606 | Temple   | Entered the Ecumenical Temple
  5648 | Temple   | Became a worshipper of Vehumet
  5889 | D:6      | Learned a level 4 spell: Force Lance
  5894 | D:6      | Learned a level 4 spell: Fulminant Prism
  6078 | D:6      | Found a runed door.
  6335 | D:6      | Noticed Crazy Yiuf
  6339 | D:6      | Killed Crazy Yiuf
  6487 | D:7      | Reached XP level 8. HP: 42/42 MP: 9/15
  6560 | D:7      | Reached * piety under Vehumet
  6560 | D:7      | Offered knowledge of Sandblast by Vehumet.
  6560 | D:7      | Reached skill level 11 in Conjurations
  6701 | D:7      | Found a glowing golden altar of the Shining One.
  6752 | D:7      | Noticed a hippogriff
  6756 | D:7      | Noticed a hippogriff
  6758 | D:7      | Killed a hippogriff
  6765 | D:6      | Reached skill level 5 in Spellcasting
  7219 | D:7      | Killed a hippogriff
  7219 | D:7      | Reached skill level 12 in Conjurations
  7375 | D:7      | Reached XP level 9. HP: 29/46 MP: 11/20
  7992 | D:8      | Found a deep blue altar of Sif Muna.
  8039 | D:8      | Offered knowledge of Flame Tongue by Vehumet.
  8051 | D:8      | Reached ** piety under Vehumet
  8369 | D:8      | Reached skill level 13 in Conjurations
  8487 | D:8      | Found a glowing silver altar of Zin.
  8712 | D:8      | Noticed a two-headed ogre
  8735 | D:8      | Learned a level 3 spell: Mephitic Cloud
  8815 | D:8      | Killed a two-headed ogre
  9161 | D:8      | Offered knowledge of Inner Flame by Vehumet.
  9352 | D:9      | Reached XP level 10. HP: 51/51 MP: 21/25
  9552 | D:9      | Reached skill level 14 in Conjurations
  9566 | D:9      | Reached *** piety under Vehumet
 10302 | D:9      | Offered knowledge of Throw Icicle by Vehumet.
 10400 | D:10     | Entered Level 10 of the Dungeon
 10866 | D:10     | Noticed Grum
 10866 | D:10     | Reached **** piety under Vehumet
 10982 | D:10     | Offered knowledge of Lightning Bolt by Vehumet.
 10994 | D:10     | Learned a level 5 spell: Lightning Bolt
 11120 | D:10     | Noticed a manticore
 11315 | D:10     | Reached skill level 5 in Stealth
 11350 | D:10     | Mangled by a hornet

Skill      XL: |  1  2  3  4  5  6  7  8  9 10 |
---------------+-------------------------------+-----
Conjurations   | 5 6 7 9 10 12 13 14 | 14.6
Spellcasting   | 6 9 |  9.9
Dodging        | 4 |  4.7
Stealth        | 5 |  5.0
Fighting       | |  0.4

Action                   |  1- 3 |  4- 6 |  7- 9 | 10-12 || total
-------------------------+-------+-------+-------+-------++-------
Melee: Unarmed           |       |       |     3 |       ||     3
 Cast: Magic Dart        |    54 |    52 |    63 |    47 ||   216
       Searing Ray       |     4 |    24 |    61 |    49 ||   138
       Fulminant Prism   |       |       |     9 |     9 ||    18
       Force Lance       |       |       |     9 |     9 ||    18
  Use: Scroll            |       |     6 |    16 |       ||    22
  Eat: Ration            |       |     2 |       |       ||     2
       Chunk             |       |     4 |    17 |     7 ||    28
Armor: Robe              |       |     5 |    36 |    23 ||    64
Dodge: Dodged            |     6 |    16 |    97 |    72 ||   191
